 Dungeon Crawl Stone Soup version 0.30-a0-728-gc68057be0a (webtiles) character file.

Game seed: 3319785501730133430

2524 gruber the Thaumaturge (level 9, -10/66 HPs)
             Began as a Djinni Fire Elementalist on Jan 30, 2023.
             Was an Initiate of Makhleb.
             Mangled by a two-headed ogre
             ... wielding a +0 giant spiked club
              (16 damage)
             ... on level 8 of the Dungeon.
             The game lasted 00:08:43 (7746 turns).

gruber the Thaumaturge (Djinni Fire Elementalist)   Turns: 7746, Time: 00:08:43

Health: -10/66     AC:  2    Str:  7    XL:     9   Next: 84%
Gold:   435        EV: 12    Int: 22    God:    Makhleb [......] SH:  0 Dex: 13

rFire   + + .      SeeInvis .    x - +2 dagger (venom)
rCold   x . .      Faith    .    (no shield)
rNeg    + . .      Spirit   .    a - +0 robe
rPois   ∞          Reflect  .    (no helmet)
rElec   .          Harm     .    t - scarf {repulsion}
rCorr   +          Rampage  .    (no gloves)
Will    .....                    (boots unavailable)
Stlth   ++                       B - amulet of the acrobat
HPRegen 0.31/turn                r - ring of resist corrosion
MPRegen 0.00/turn                C - ring of positive energy

@: flying, repel missiles
A: sickness immunity, fire resistance 2, cold vulnerability 1, float, innate
caster, HP casting, extra vitality 1
a: Renounce Religion


You were on level 8 of the Dungeon.
You worshipped Makhleb.
Makhleb was noncommittal.
You visited 2 branches of the dungeon, and saw 9 of its levels.

You collected 435 gold pieces.

Inventory:

Hand Weapons
 q - a +2 vampiric whip
 x - a +2 dagger of venom (weapon)
Missiles
 v - 6 curare-tipped darts
Armour
 a - a +0 robe (worn)
 t - a scarf of repulsion (worn)
Jewellery
 r - a ring of resist corrosion (left hand)
 B - an amulet of the acrobat (around neck)
 C - a ring of positive energy (right hand)
Wands
 n - a wand of paralysis (7)
 y - a wand of mindburst (8)
 G - a wand of iceblast (9)
Scrolls
 c - a scroll of immolation {unknown}
 d - a scroll of fog {unknown}
 g - 3 scrolls of identify {unknown}
 h - 4 scrolls of teleportation {unknown}
 k - a scroll of poison {unknown}
 p - a scroll of summoning {unknown}
 s - a scroll of amnesia {unknown}
 u - a scroll of silence {unknown}
 A - a scroll of noise {unknown}
 E - a scroll of acquirement {unknown}
 F - a scroll of magic mapping {unknown}
Potions
 b - 2 potions of magic
 e - 3 potions of degeneration {unknown}
 f - 3 potions of resistance {unknown}
 i - a potion of ambrosia {unknown}
 j - 4 potions of heal wounds {unknown}
 l - 2 potions of lignification {unknown}
 m - 2 potions of brilliance {unknown}
 o - a potion of mutation {unknown}
 w - a potion of cancellation {unknown}
 z - 3 potions of curing {unknown}
 D - a potion of might {unknown}
 H - a potion of invisibility {unknown}


   Skills:
 - Level 6.2 Fighting
 - Level 2.1 Dodging
 - Level 1.5 Stealth
 * Level 8.8 Spellcasting


You had 3 spell levels left.
You knew the following spells:

 Your Spells              Type           Power      Damage    Failure   Level
a - Foxfire               Conj/Fire      100%       2x1d9     1%          1
b - Scorch                Fire           96%        2d10      1%          2
c - Kindle Blastsparks    Fire/Tloc/Air  96%        2d18      1%          3
d - Inner Flame           Hex/Fire       48%        N/A       1%          3
e - Flame Wave            Conj/Fire      48%        2d12      1%          4
f - Apportation           Tloc           96%        N/A       1%          1
g - Static Discharge      Conj/Air       96%        2-6/arc   1%          2
h - Tukima's Dance        Hex            48%        N/A       1%          3
i - Vhi's Electric Charg  Tloc/Air       96%        N/A       1%          3
Your spell library was empty.

Dungeon Overview and Level Annotations

Branches:
Dungeon (8/15)             Temple (1/1) D:4
   Lair: D:8-11

Altars:
Ashenzari
Cheibriados
Elyvilon
Fedhas
Gozag
Hepliaklqana
Makhleb
Nemelex Xobeh
Okawaru
Qazlal
Ru
Trog
Uskayaw
Wu Jian
Xom
Yredelemnul
Zin
The Shining One

Shops:
D:3 [


Innate Abilities, Weirdness & Mutations

You are immune to sickness and miasma.
You are immune to poison.
Your flesh is very heat resistant. (rF++)
You are vulnerable to cold. (rC-)
You float through the air rather than walking.
You learn spells naturally, not from books.
Your magical power is your life essence.
You have superior vitality. (+4 MHP)


Message History

Casting: Tukima's Dance (safe; 1% risk of failure)
Confirm with . or Enter, or press ? or * to list all spells.
Aiming: Tukima's Dance (safe; 1% risk of failure)
Press: ? - help, Shift-Dir - straight line, f/p - two-headed ogre
Aim: a two-headed ogre, wielding two +0 giant spiked clubs (chance to affect: 53%)
The two-headed ogre resists with significant effort.
Your +0 flail closely misses the orc warrior.
The orc warrior closely misses your +0 flail.
Unknown command.
Casting: Tukima's Dance (safe; 1% risk of failure)
Confirm with . or Enter, or press ? or * to list all spells.
Aiming: Tukima's Dance (safe; 1% risk of failure)
Press: ? - help, Shift-Dir - straight line, f/p - two-headed ogre
Aim: a two-headed ogre, wielding two +0 giant spiked clubs (chance to affect: 53%)
The two-headed ogre resists with significant effort.
Your +0 war axe hits the orc!
The orc dies!
Makhleb accepts your kill.
The orc warrior closely misses your +0 flail.
The puff of flame hits your +0 war axe.
Your +0 war axe resists.
Unknown command.
Casting: Tukima's Dance (safe; 1% risk of failure)
Confirm with . or Enter, or press ? or * to list all spells.
Aiming: Tukima's Dance (safe; 1% risk of failure)
Press: ? - help, Shift-Dir - straight line, f/p - two-headed ogre
Aim: a two-headed ogre, wielding two +0 giant spiked clubs (ally target, chance to affect: 53%)
The +0 giant spiked club dances into the air!
The two-headed ogre closely misses you. The two-headed ogre barely misses you.
Unknown command.
Casting: Tukima's Dance (safe; 1% risk of failure)
Confirm with . or Enter, or press ? or * to list all spells.
Aiming: Tukima's Dance (safe; 1% risk of failure)
Press: ? - help, Shift-Dir - straight line, f/p - two-headed ogre
Aim: a two-headed ogre, wielding a +0 giant spiked club (ally target, chance to affect: 53%)
The two-headed ogre resists with significant effort.
The two-headed ogre hits you with a +0 giant spiked club!
* * * LOW HITPOINT WARNING * * *
The two-headed ogre hits you with a +0 giant spiked club!
You die...

########### ..
.#####....##...# .#
......)........##.#
.##.#.##.###...##.#
.##.#.##.# #...##.###.#
......##)# #...#..... #
#.#.#.##.###...#..###..#
...#.o.[.(..o(O@....>.#
#(# #)##.#.#####.(###..#
.. ...##...# #..###..###
$...#.##.(.#####<........#
..#.#?...####.....###..#.#
. . ..##.# ##..#.......# #
#.##.###..........## ..
..##.#...##...#.#
##..#..##..#.....


You could see a two-headed ogre (ally target), an orc warrior (ally target) and
2 friendly dancing weapons.

Vanquished Creatures
  Prince Ribbit (D:7)
  A steam dragon (D:8)
  2 water moccasins (D:7)
  An ice beast (D:6)
  A sky beast (D:6)
  2 ogres
  2 centaurs (D:6)
  A phantom (D:5)
  A necrophage (D:7)
  3 bullfrogs
  A scorpion (D:6)
  8 wights
  3 hounds
  3 jellies
  An orc priest (D:3)
  2 iguanas
  Ijyb (D:5)
  5 orc wizards
  3 gnolls (D:6)
  5 adders
  3 white imps
  3 ufetubi (D:6)
  3 worms
  A dart slug (D:2)
  17 orcs
  6 bats
  5 endoplasms
  4 giant cockroaches
  4 goblins
  4 hobgoblins
  3 jackals (D:2)
  8 quokkas
  9 ball pythons
  4 frilled lizards
  6 kobolds
  5 rats
132 creatures vanquished.

Vanquished Creatures (collateral kills)
  A bullfrog (D:6)
  2 orcs
3 creatures vanquished.

Vanquished Creatures (others)
  3 dancing weapons (D:6)
  838 foxfires
841 creatures vanquished.

Grand Total: 976 creatures vanquished

Notes
Turn   | Place    | Note
-------+----------+-------------------------------------------
     0 | D:1      | gruber the Djinni Fire Elementalist began the quest for the
                  | Orb.
     0 | D:1      | gruber set off with the following spells memorised:
                  | Foxfire, Scorch, Kindle Blastsparks, Inner Flame, Flame
                  | Wave.
     0 | D:1      | Reached XP level 1. HP: 15/15 MP: 0/0
    96 | D:1      | Reached skill level 1 in Fighting
   136 | D:1      | Reached XP level 2. HP: 19/22 MP: 0/0
   586 | D:1      | Reached XP level 3. HP: 26/29 MP: 0/0
   586 | D:1      | Learned a level 1 spell: Apportation
   679 | D:1      | Found a faded altar of an unknown god.
  1266 | D:2      | Reached XP level 4. HP: 33/35 MP: 0/0
  2201 | D:3      | Found Xaess's Armour Shop.
  2346 | D:3      | Reached XP level 5. HP: 36/41 MP: 0/0
  2346 | D:3      | Learned a level 2 spell: Static Discharge
  2424 | D:3      | Reached skill level 5 in Fighting
  3285 | D:4      | Noticed a bullfrog
  3295 | D:4      | Killed a bullfrog
  3296 | D:4      | Reached XP level 6. HP: 24/50 MP: 0/0
  3469 | D:4      | Found a staircase to the Ecumenical Temple.
  3649 | D:4      | Noticed an ogre
  3659 | D:4      | Killed an ogre
  3695 | D:4      | Found a hazy altar of Hepliaklqana.
  4124 | D:5      | Entered Level 5 of the Dungeon
  4133 | D:5      | Reached XP level 7. HP: 50/56 MP: 0/0
  4133 | D:5      | Learned a level 3 spell: Tukima's Dance
  4283 | D:5      | Noticed Ijyb
  4286 | D:5      | Paralysed by Ijyb for 2 turns
  4300 | D:5      | Killed Ijyb
  4301 | D:5      | Reached skill level 3 in Spellcasting
  5045 | D:6      | Reached skill level 4 in Spellcasting
  5125 | D:6      | Reached XP level 8. HP: 47/61 MP: 0/0
  5195 | D:6      | Reached skill level 5 in Spellcasting
  5641 | D:6      | Reached skill level 6 in Spellcasting
  6237 | D:6      | Reached XP level 9. HP: 58/66 MP: 0/0
  6237 | D:6      | Learned a level 3 spell: Vhi's Electric Charge
  6334 | D:6      | Reached skill level 7 in Spellcasting
  6452 | D:7      | Noticed Prince Ribbit
  6457 | D:7      | Killed Prince Ribbit
  6654 | D:7      | Reached skill level 8 in Spellcasting
  6674 | D:7      | Found a basalt altar of Yredelemnul.
  6828 | Temple   | Entered the Ecumenical Temple
  6962 | Temple   | Became a worshipper of Makhleb the Destroyer
  7726 | D:8      | Noticed a two-headed ogre
  7746 | D:8      | Mangled by a two-headed ogre

Illustrated notes

Levels and vault maps discovered:
D:1:      amcnicky_arrival_blooded_trapdoor, layout_basic,
          nicolae_ecumenical_snake_handling, minmay_misc_feat_four_crosses,
          dreamdust_princess_corridor
D:2:      layout_basic
D:3:      layout_basic, serial_shops, nicolae_shop_statue_plus, corexii_shack
D:4:      layout_loops_ring, mainiacjoe_overflow_boulevard,
          minmay_temple_entry_waves
D:5:      layout_loops_ring, uniq_ijyb
D:6:      layout_basic, st_stairs_13, grunt_decor_cap
D:7:      layout_rooms, mainiacjoe_overflow_brackets, uniq_prince_ribbit1
D:8:      layout_basic, minivault_26, minmay_diced_spiral
Temple:   nicolae_temple_bog_church

Skill      XL: |  1  2  3  4  5  6  7  8  9 |
---------------+----------------------------+-----
Fighting       | 1 2 3 4 5 6 |  6.2
Spellcasting   | 4 6 8 |  8.8
Dodging        | |  2.1
Stealth        | |  1.5

Action                     |  1- 3 |  4- 6 |  7- 9 || total
---------------------------+-------+-------+-------++-------
  Melee: Mace              |     3 |       |       ||     3
         Short sword       |       |    26 |       ||    26
         Dagger            |       |       |    62 ||    62
         Punch             |       |       |     2 ||     2
   Cast: Foxfire           |   135 |   133 |   226 ||   494
         Static Discharge  |       |     5 |     3 ||     8
         Apportation       |       |     2 |       ||     2
         Tukima's Dance    |       |       |    20 ||    20
         Scorch            |       |       |     1 ||     1
         Flame Wave        |       |       |     1 ||     1
   Stab: Sleeping          |       |     2 |     1 ||     3
 Armour: Robe              |     5 |     1 |    11 ||    17
  Dodge: Dodged            |    15 |    23 |    66 ||   104

Table legend: (Time is in decaauts)
 A = Elapsed time spent in this place.
 B = Non-inter-level travel time spent in this place.
 C = Inter-level travel time spent in this place.
 D = Time resting spent in this place.
 E = Time spent auto-exploring this place.
 F = Levels seen in this place.
 G = Mean time per level.
                   A        B        C        D        E       F      G
               +--------+--------+--------+--------+--------+-----+--------+
         Total |   7745 |   7408 |    337 |     68 |   6112 |   9 |  860.6 |
       Dungeon |   7596 |   7274 |    322 |     68 |   6112 |   8 |  949.5 |
        Temple |    148 |    134 |     14 |      0 |      0 |   1 |  148.0 |
               +--------+--------+--------+--------+--------+-----+--------+

Top non-repeatable levels by time:
     D:6: 1476 daAuts
     D:3: 1254 daAuts
     D:2: 1031 daAuts
     D:5: 948 daAuts
     D:1: 946 daAuts
     D:4: 926 daAuts
     D:7: 883 daAuts
  Temple: 148 daAuts
     D:8: 129 daAuts
